 Dungeon Crawl Stone Soup version 0.21.1-1-g345015f (webtiles) character file.

39 tidbits the Charmwright (level 3, 18/31 HPs)
             Began as a Gnoll Skald on June 20, 2018.
             Quit the game on level 4 of the Dungeon.
             The game lasted 00:04:00 (518 turns).

tidbits the Charmwright (Gnoll Skald)                Turns: 518, Time: 00:04:00

Health: 18/31      AC:  4    Str: 13    XL:     3   Next: 47%
Magic:  2/9        EV: 14    Int: 16    God:
Gold:   37         SH:  0    Dex: 14    Spells: 1/12 levels left

rFire    . . .     SeeInvis .   a - +0 hand axe
rCold    . . .     Gourm    .   (no shield)
rNeg     . . .     Faith    +   b - +0 leather armour
rPois    .         Spirit   .   (no helmet)
rElec    .         Reflect  .   (no cloak)
rCorr    .         Harm     .   g - +0 pair of gloves
MR       .....     Rnd*Tele +   (no boots)
Stlth    +.........             m - amulet of faith
HPRegen  0.10/turn              f - ring of teleportation (curse)
MPRegen  0.11/turn              (no ring)

@: confused, very slightly contaminated, hasted, drained, very quick
A: distributed training, fangs 1, strong nose
a: no special abilities


You were on level 4 of the Dungeon.
You were not hungry.

You visited 1 branch of the dungeon, and saw 4 of its levels.

You collected 37 gold pieces.

Inventory:

Hand Weapons
 a - a +0 hand axe (weapon)
Missiles
 k - 20 arrows
Armour
 b - a +0 leather armour (worn)
 g - a +0 pair of gloves (worn)
 l - a +0 ring mail
Jewellery
 f - a cursed ring of teleportation (left hand)
   (You found it on level 1 of the Dungeon)
 m - an amulet of faith (around neck)
   (You found it on level 2 of the Dungeon)
Scrolls
 e - a scroll of enchant weapon
 i - 2 scrolls of identify
Potions
 h - a potion of agility
Books
 c - a book of Battle

   Spells                             Type                      Level
   a - Infusion                       Charms                       1
   b - Shroud of Golubria             Charms/Translocation         2
   c - Song of Slaying                Charms                       2
   d - Spectral Weapon                Hexes/Charms                 3
   e - Regeneration                   Charms/Necromancy            3
Comestibles
 d - a ration


   Skills:
 + Level 4.5(4.3) Fighting
 + Level 0.8(0.6) Short Blades
 + Level 0.8(0.6) Long Blades
 + Level 4.5(4.3) Axes
 + Level 0.8(0.6) Maces & Flails
 + Level 0.8(0.6) Polearms
 + Level 0.8(0.6) Staves
 + Level 0.8(0.6) Slings
 + Level 0.8(0.6) Bows
 + Level 0.8(0.6) Crossbows
 + Level 0.8(0.6) Throwing
 + Level 2.6(2.4) Armour
 + Level 4.5(4.3) Dodging
 + Level 0.8(0.6) Stealth
 + Level 0.8(0.6) Shields
 + Level 0.8(0.6) Unarmed Combat
 + Level 5.0(4.7) Spellcasting
 + Level 0.5(0.3) Conjurations
 + Level 0.5(0.3) Hexes
 + Level 5.4(5.1) Charms
 + Level 0.5(0.3) Summonings
 + Level 0.5(0.3) Necromancy
 + Level 0.5(0.3) Translocations
 + Level 0.5(0.3) Transmutations
 + Level 0.5(0.3) Fire Magic
 + Level 0.5(0.3) Ice Magic
 + Level 0.5(0.3) Air Magic
 + Level 0.5(0.3) Earth Magic
 + Level 0.5(0.3) Poison Magic
 + Level 1.0(0.7) Invocations
 + Level 0.8(0.6) Evocations


You had one spell level left.
You knew the following spells:

 Your Spells              Type           Power        Failure   Level  Hunger
g - Shroud of Golubria    Chrm/Tloc      ##........   10%         2    ##.....
i - Infusion              Chrm           ###.         2%          1    None
r - Regeneration          Chrm/Necr      ##........   19%         3    ###....
w - Spectral Weapon       Hex/Chrm       ##......     19%         3    ###....
y - Song of Slaying       Chrm           ###.....     3%          2    ##.....


Dungeon Overview and Level Annotations

Branches:
Dungeon (4/15)
 Temple: D:4-7

Altars:

Annotations:
D:3 Theowulf's ghost, amateur NaVM


Innate Abilities, Weirdness & Mutations

Your experience applies equally to all skills.
You have very sharp teeth.
Your uncanny sense of smell can sniff out nearby items.


Message History

The goblin shouts!
The kobold throws a stone.
The stone closely misses you.
A worm comes into view.
The kobold throws a stone.
The stone barely misses you.
Casting: Song of Slaying
Confirm with . or Enter, or press ? or * to list all spells.
You draw out your weapon's spirit!
The goblin misses you.
You slash the goblin!
You kill the goblin!
You hit the rat.
You kill the rat!
You hit the kobold. The kobold misses you.
You closely miss the kobold. Your bite misses the kobold.
Your spectral weapon hits the kobold.
You kill the kobold!
You swap places.
Your song has ended.
Things that are here:
a club; a goblin corpse You hit the worm.
The worm is lightly wounded.
Your spectral weapon hits the worm.
You barely miss the worm.
The worm is moderately wounded.
Your spectral weapon completely misses the worm.
The worm bites you.
You hit the worm.
The worm is heavily wounded.
Your spectral weapon barely misses the worm.
The worm bites you!
You hit the worm.
The worm is heavily wounded.
Your spectral weapon hits the worm but does no damage.
You strike the helpless worm from behind!
You slash the worm!
You kill the worm!
You swap places.
You see here a short sword.
Casting: Spectral Weapon
Confirm with . or Enter, or press ? or * to list all spells.
You miscast Regeneration.
You are very lightly contaminated with residual magic.
You sense a malignant aura.
Your spectral weapon fades away.
Theowulf's ghost (amateur Naga Venom Mage) comes into view.
It is wielding a weapon of draining.
Theowulf's ghost turns its malevolent gaze towards you.
Wield which item (- for none, * to show all)? (? for menu, Esc to quit)
Okay, then.
Found a chain mail.
Casting: Regeneration
Confirm with . or Enter, or press ? or * to list all spells.
You miscast Spectral Weapon.
You feel a bit tired.
You feel yourself speed up. Theowulf's ghost hits you.
You feel drained.
Found a stone staircase leading down.
Found a stone staircase leading up.
A gnoll comes into view. It is wielding a whip.
Found a scale mail.
There is a stone staircase leading down here.
The gnoll throws a throwing net.
The throwing net hits you.
You become entangled in the net!
You stop descending the stairs.
Unknown command.
Unknown command.
You tear a large gash into the net.
You shred the net and break free!
You climb downwards.
A quokka and an orc wizard come into view.
The orc wizard shouts!
You hear an angry hiss.
There is a stone staircase leading up here.
The quokka bites you but does no damage.
You barely miss the quokka.
The quokka bites you but does no damage.
You barely miss the quokka. The quokka bites you.
You hit the quokka but do no damage. You bite the quokka, but do no damage.
The quokka barely misses you.
Casting: Spectral Weapon
Confirm with . or Enter, or press ? or * to list all spells.
You don't know that spell.
You hit the quokka.
You kill the quokka!
Your base Invocations skill increases to level 1!
The orc wizard gestures at you while chanting.
You are confused.
Okay, then.
A leopard gecko comes into view.
The leopard gecko hisses angrily.
The orc wizard closely misses you.
You miss the orc wizard.
You bite the orc wizard, but do no damage.
The orc wizard completely misses you.
You miss the orc wizard. You barely miss the orc wizard.
The orc wizard points at you and mumbles some strange words.
The magic dart hits you!
An orc wizard comes into view. It is wielding a dagger.
The orc wizard shouts!
You hear a shout!
You hit the orc wizard.
The orc wizard is lightly wounded.
The orc wizard hits you but does no damage.
Are you sure you want to abandon this character and quit the game? (Confirm with "yes".)

∆
###########
#.........#
#.........#
#.........#
#..<......#
#.....@...#
#....o....#
#.........#
##.l..#####
#.....
.......#
#o......#
.........#
..#+###+##


You could see 2 orc wizards and a leopard gecko.

Vanquished Creatures
  An adder (D:2)
  A worm (D:3)
  2 bats (D:1)
  3 goblins
  6 hobgoblins
  3 jackals (D:2)
  5 kobolds
  A quokka (D:4)
  2 rats
24 creatures vanquished.

Notes
Turn   | Place    | Note
-------+----------+-------------------------------------------
     0 | D:1      | tidbits the Gnoll Skald began the quest for the Orb.
     0 | D:1      | Reached XP level 1. HP: 20/20 MP: 6/6
   189 | D:1      | Reached XP level 2. HP: 23/26 MP: 0/7
   198 | D:1      | Learned a level 2 spell: Song of Slaying
   201 | D:1      | Learned a level 2 spell: Shroud of Golubria
   299 | D:2      | Reached XP level 3. HP: 17/31 MP: 3/9
   304 | D:2      | Learned a level 3 spell: Regeneration
   308 | D:2      | Learned a level 3 spell: Spectral Weapon
   412 | D:2      | Reached skill level 5 in Spellcasting
   470 | D:3      | Noticed Theowulf's ghost (amateur NaVM)
   506 | D:4      | Reached skill level 1 in Invocations
   518 | D:4      | Quit the game

Skill      XL: |  1  2  3 |
---------------+----------+-----
Spellcasting   | 5 |  5.0
Invocations    | 1 |  1.0
Fighting       | |  4.5
Short Blades   | |  0.8
Long Blades    | |  0.8
Axes           | |  4.5
Maces & Flails | |  0.8
Polearms       | |  0.8
Staves         | |  0.8
Slings         | |  0.8
Bows           | |  0.8
Crossbows      | |  0.8
Throwing       | |  0.8
Armour         | |  2.6
Dodging        | |  4.5
Stealth        | |  0.8
Shields        | |  0.8
Unarmed Combat | |  0.8
Conjurations   | |  0.5
Hexes          | |  0.5
Charms         | |  5.4
Summonings     | |  0.5
Necromancy     | |  0.5
Translocations | |  0.5
Transmutations | |  0.5
Fire Magic     | |  0.5
Ice Magic      | |  0.5
Air Magic      | |  0.5
Earth Magic    | |  0.5
Poison Magic   | |  0.5
Evocations     | |  0.8

Action                   || total
-------------------------++-------
Melee: Hand axe          ||    48
       Bite              ||     3
 Cast: Infusion          ||     4
       Spectral Weapon   ||     2
       Regeneration      ||     1
       Song of Slaying   ||     1
  Use: Scroll            ||     4
       Potion            ||     1
 Stab: Distracted        ||     1
Armor: Leather armour    ||    14
Dodge: Dodged            ||    33

Table legend:
 A = Turns spent in this place as a percentage of turns spent in the entire game.
 B = Non-inter-level travel turns spent in this place as a percentage of non-inter-level travel turns spent in the entire game.
 C = Inter-level travel turns spent in this place as a percentage of turns spent in this place.
 D = Turns resting spent in this place as a percentage of non-inter-level travel turns spent in this place.
 E = Turns spent auto-exploring this place as a percentage of non-inter-level travel turns spent in this place.
 F = Non-inter-level travel turns spent in this place divided by the number of levels of this place that you've seen.
                   A       B       C       D       E      F
               +-------+-------+-------+-------+-------+----------------------
         Total | 100.0 | 100.0 |   0.0 |   0.0 |   0.0 | 129.5
       Dungeon | 100.0 | 100.0 |   0.0 |   0.0 |   0.0 | 129.5
               +-------+-------+-------+-------+-------+----------------------

Table legend:
 A = Kills in this place as a percentage of kills in entire the game.
 B = Kills by you in this place as a percentage of kills by you in the entire game.
 C = Kills by friends in this place as a percentage of kills by friends in the entire game.
 D = Other kills in this place as a percentage of other kills in the entire game.
 E = Experience gained in this place as a percentage of experience gained in the entire game.
 F = Experience gained in this place divided by the number of levels of this place that you have seen.
                   A       B       C       D       E      F
               +-------+-------+-------+-------+-------+----------------------
         Total | 100.0 | 100.0 |   N/A |   N/A | 100.0 |  14.2
       Dungeon | 100.0 | 100.0 |   N/A |   N/A | 100.0 |  14.2
               +-------+-------+-------+-------+-------+----------------------

Vault maps used:
D:1:      mainiacjoe_arrival_reflecting_pool
D:2:      hangedman_decor_peaks_small, hangedman_decor_lopped,
          grunt_dithmenos_smoke
D:3:      minmay_goblin_outpost, uniq_jessica
D:4:      vehumet_crystals, temple_statues, first_ration, uniq_menkaure
